 Dungeon Crawl Stone Soup version 0.31-a0-1074-g0b22e4e0f1 (webtiles) character file.

Game seed: 14590780639543840949

352 tbh1313 the Chopper (level 6, -3/56 HPs)
             Began as a Minotaur Berserker on Dec 1, 2023.
             Was a Priest of Trog.
             Killed by nerve-wracking pain
             ... invoked by an orc priest
              (4 damage)
             ... on level 3 of the Dungeon.
             The game lasted 00:04:45 (2140 turns).

tbh1313 the Chopper (Minotaur Berserker)            Turns: 2140, Time: 00:04:46

Health: -3/56      AC:  2    Str: 21    XL:     6   Next: 35%
Magic:  5/5        EV: 12    Int:  6    God:    Trog [***...]
Gold:   70         SH:  0    Dex: 10    Spells: 5/5 levels left

rFire   . . .        a - +0 hand axe
rCold   . . .        (no shield)
rNeg    . . .        b - +0 animal skin
rPois   .            (helmet restricted)
rElec   .            (no cloak)
rCorr   .            (no gloves)
SInv    .            (no boots)
Will    .....        (no amulet)
Stlth   +            (no ring)
HPRegen 0.29/turn    (no ring)
MPRegen 0.09/turn

%: no passive effects
@: on berserk cooldown, slowed, very slow
A: horns 2, retaliatory headbutt
a: Renounce Religion, Berserk, Trog's Hand


You were on level 3 of the Dungeon.
You worshipped Trog.
Trog was most pleased with you.
You visited 1 branch of the dungeon, and saw 3 of its levels.

You collected 70 gold pieces.

Inventory:

Hand Weapons
 a - a +0 hand axe (weapon)
Armour
 b - a +0 animal skin (worn)
Scrolls
 d - a scroll of fog {unknown}
 e - 4 scrolls of blinking {unknown}
 g - a scroll of teleportation {unknown}
 h - a scroll of vulnerability {unknown}
Potions
 c - 2 potions of curing
 f - 2 potions of might {unknown}


   Skills:
 - Level 5.0 Fighting
 * Level 7.7 Axes
 + Level 3.0 Armour
 - Level 2.1 Dodging


You had 5 spell levels left.
You didn't know any spells.
Your spell library contained the following spells:

 Spells                   Type           Power      Damage    Failure   Level
 Summon Small Mammal      Summ           0%         N/A       45%         1
 Call Canine Familiar     Summ           0%         N/A       83%         3
 Summon Guardian Golem    Hex/Summ       0%         N/A       83%         3


Dungeon Overview and Level Annotations

Branches:
Dungeon (3/15)

Altars:
Elyvilon
Xom


Innate Abilities, Weirdness & Mutations

You have a pair of horns on your head.
You reflexively headbutt those who attack you in melee.


Message History

Trog accepts your kill. Robin hits you with a +0 trident.
You see here a hobgoblin corpse.
You hit Robin. You headbutt Robin!
You kill Robin!
Trog accepts your kill.
Your Armour skill increases to level 3!
The orc misses you.
Things that are here:
a +0 trident; a +0 animal skin; a +0 helmet You hit the orc.
Your headbutt misses the orc.
The orc is heavily wounded.
The orc hits you with a +0 trident.
* * * LOW HITPOINT WARNING * * *
You hit the orc. You headbutt the orc.
You kill the orc!
Trog accepts your kill.
The orc priest calls down the wrath of Beogh upon you.
Beogh smites you!
* * * LOW HITPOINT WARNING * * *
Found a scroll labelled ABRORIREATE.
The orc priest hits you with a +0 club.
* * * LOW HITPOINT WARNING * * *
Things that are here:
a +0 trident; a +0 ring mail You hit the orc priest.
Your headbutt misses the orc priest.
The orc priest is moderately wounded.
You feel yourself speed up.
The orc priest mumbles some strange prayers to Beogh against you.
Beogh smites you!
* * * LOW HITPOINT WARNING * * *
You closely miss the orc priest. Your headbutt misses the orc priest.
The orc priest is moderately wounded.
You hit the orc priest. You headbutt the orc priest.
The orc priest is almost dead.
You are no longer berserk.
You are exhausted.
You feel yourself slow down.
The orc priest mumbles some strange prayers to Beogh against you.
Pain shoots through your body!
You die...

...###.###... #..
..#..##....... ...
.....o#..##### #..
.....⌠#..# #..
......#.## ### #..
..#..##.# ?...#..
...###.#
......o#########..#
..##..@.).......#####
........)†.†..........#
######.###.).[)..####.#
.....$.......#
..........######
##.........#
#.........# #####..####
...


You could see an orc priest.

Levels and vault maps discovered:
D:1:      hellmonk_arrival_library, layout_loops_ring, serial_forest,
          infiniplex_forest_end_double, infiniplex_forest_clump_cross,
          infiniplex_forest_lined_room_3, infiniplex_forest_straight_2,
          infiniplex_forest_zigzag_2, infiniplex_forest_clump_small,
          infiniplex_forest_lined_room_2, minmay_tetromino_l2
D:2:      layout_basic, serial_aquarium, aquarium_bridge_square
          [aquarium_subvault_bridge, aquarium_subvault_balcony,
          aquarium_subvault_balcony, aquarium_subvault_window],
          aquarium_bridge_square [aquarium_subvault_window,
          aquarium_subvault_wall, aquarium_subvault_bridge,
          aquarium_subvault_balcony], aquarium_window_fake, aquarium_window_1,
          aquarium_view_2a, aquarium_view_2e, aquarium_pool_2
D:3:      cheibrodos_pilgrimage, layout_basic, old_standard_altar,
          mainiacjoe_overflow_tiny_flanked, kennysheep_vampire_church,
          minmay_close_crescents, uniq_sigmund, uniq_robin, uniq_jessica,
          uniq_grinder, uniq_crazy_yiuf_cottage

Notes
Turn   | Place    | Note
-------+----------+-------------------------------------------
     0 | D:1      | tbh1313 the Minotaur Berserker began the quest for the Orb.
     0 | D:1      | Reached XP level 1. HP: 19/19 MP: 0/0
    48 | D:1      | Reached skill level 4 in Axes
   105 | D:1      | Reached XP level 2. HP: 26/26 MP: 1/1
   398 | D:1      | Reached ** piety under Trog
   465 | D:1      | Reached XP level 3. HP: 33/33 MP: 2/2
  1062 | D:2      | Reached skill level 5 in Axes
  1535 | D:3      | Found a white marble altar of Elyvilon.
  1550 | D:3      | Reached XP level 4. HP: 27/41 MP: 3/3
  1557 | D:3      | HP: 4/41 [something (2)]
  1804 | D:3      | Found a shimmering altar of Xom.
  1820 | D:3      | Noticed Sigmund
  1831 | D:3      | Killed Sigmund
  1832 | D:3      | Reached skill level 5 in Fighting
  1832 | D:3      | Reached skill level 7 in Axes
  1832 | D:3      | Reached XP level 5. HP: 48/48 MP: 4/4
  1832 | D:3      | Reached XP level 6. HP: 56/56 MP: 5/5
  2116 | D:3      | Reached *** piety under Trog
  2120 | D:3      | Noticed Jessica
  2127 | D:3      | Noticed Robin
  2130 | D:3      | Killed Jessica
  2133 | D:3      | Killed Robin
  2138 | D:3      | HP: 2/84 [orc priest/divine providence (15)]
  2140 | D:3      | Killed from afar by an orc priest

Table legend: (Time is in decaauts)
 A = Elapsed time spent in this place.
 B = Non-inter-level travel time spent in this place.
 C = Inter-level travel time spent in this place.
 D = Time resting spent in this place.
 E = Time spent auto-exploring this place.
 F = Levels seen in this place.
 G = Mean time per level.
                   A        B        C        D        E       F      G
               +--------+--------+--------+--------+--------+-----+--------+
         Total |   2164 |   2072 |     92 |    338 |   1341 |   3 |  721.3 |
       Dungeon |   2164 |   2072 |     92 |    338 |   1341 |   3 |  721.3 |
               +--------+--------+--------+--------+--------+-----+--------+

Top non-repeatable levels by time:
     D:1: 1061 daAuts
     D:3: 624 daAuts
     D:2: 478 daAuts

Table legend:
 A = Kills in this place as a percentage of kills in the entire game.
 B = Kills by you in this place as a percentage of kills by you in the entire game.
 C = Kills by friends in this place as a percentage of kills by friends in the entire game.
 D = Other kills in this place as a percentage of other kills in the entire game.
 E = Experience gained in this place as a percentage of experience gained in the entire game.
 F = Experience gained in this place divided by the number of levels of this place that you have seen.
                   A       B       C       D       E      F
               +-------+-------+-------+-------+-------+----------------------
         Total | 100.0 | 100.0 |   N/A |   N/A | 100.0 | 168.0
       Dungeon | 100.0 | 100.0 |   N/A |   N/A | 100.0 | 168.0
               +-------+-------+-------+-------+-------+----------------------

Action                     |  1- 3 |  4- 6 || total
---------------------------+-------+-------++-------
  Melee: Hand axe          |   108 |    70 ||   178
         Headbutt          |    14 |    13 ||    27
 Invoke: Berserk           |       |     3 ||     3
         Trog's Hand       |       |     1 ||     1
    Use: Scroll            |     2 |       ||     2
         Potion            |       |     1 ||     1
   Stab: Sleeping          |     1 |       ||     1
 Armour: Animal skin       |    63 |    54 ||   117
  Dodge: Dodged            |    75 |    26 ||   101

Vanquished Creatures
  Sigmund (D:3)
  Jessica (D:3)
  An orc wizard (D:3)
  Robin (D:3)
  2 adders
  2 worms
  2 dart slugs (D:1)
  5 orcs (D:3)
  5 ball pythons
  3 endoplasms
  A giant cockroach (D:1)
  15 goblins
  7 hobgoblins
  6 jackals
  7 kobolds
  3 quokkas
  7 bats
  5 frilled lizards
  5 rats
79 creatures vanquished.
